AoeStats
← Atmaca3307

Arabian Desert

510497408Analyzed
1v1 RM · 1d ago on Oct 1, 2026· 57m 15s· 2 players
Game mode
Random Map
Map size
Tiny (2 player)
Population
200
Speed
Normal
Resources
Standard
Victory
Conquest
Starting age
Dark Age
Ending age
Imperial Age
RankedLock teamsTeams togetherTeam positionsShared explorationLock speedFull tech treeHidden civsTurbo modeCheats
Victory
Defeat
🇹🇷 Huns · Türkiye
285
+19
🇪🇸 Turks · Spain
357
-19
Atmaca3307
12:20 Feudal Age
13:40 Wheelbarrow
12:53 Double-Bit Axe
12:53 Horse Collar
19:32 Bloodlines
19:41 Scale Mail Armor
21:02 Scale Barding Armor
21:36 Gold Mining
25:49 Castle Age
24:10 Padded Archer Armor
24:32 Forging
24:34 Fletching
25:55 Stone Mining
26:54 Chain Mail Armor
27:00 Chain Barding Armor
26:59 Hand Cart
27:00 Bow Saw
27:12 Heavy Plow
28:56 Gold Shaft Mining
28:41 Light Cavalry
29:24 Husbandry
33:47 Iron Casting
44:45 Leather Archer Armor
44:26 Bodkin Arrow
47:09 Imperial Age
47:24 Cavalier
47:27 Hussar
48:48 Plate Barding Armor
49:14 Blast Furnace
48:15 Bracer
48:52 Paladin
Kaimo70
7:17 Loom
13:00 Feudal Age
14:01 Double-Bit Axe
15:43 Horse Collar
15:58 Town Watch
23:32 Castle Age
22:11 Gold Mining
23:29 Stone Mining
26:59 Bow Saw
27:21 Husbandry
27:31 Bloodlines
27:35 Scale Barding Armor
31:23 Chain Barding Armor
33:37 Imperial Age
34:58 Fletching
36:24 Town Patrol
36:59 Wheelbarrow
37:52 Two-Man Saw
38:03 Heavy Camel Rider
40:25 Murder Holes
42:08 Plate Barding Armor
44:09 Guard Tower
55:54 Forging
Connection lost

Rejoining the realm…

Still unreachable

The connection could not be restored.

Session expired

The server has moved on; the page needs a fresh start.